 Dungeon Crawl Stone Soup version 0.23-a0-805-gc1268f8 (webtiles) character file.

137 Mgcat the Chopper (level 5, -1/48 HPs)
             Began as a Minotaur Chaos Knight on Jan 20, 2019.
             Was a Plaything of Xom.
             Slain by Purgy (2 damage)
             ... in a sewer.
             The game lasted 00:03:56 (1602 turns).

Mgcat the Chopper (Minotaur Chaos Knight)           Turns: 1602, Time: 00:03:56

Health: -1/48      AC:  6    Str: 23    XL:     5   Next: 0%
Magic:  4/4        EV:  8    Int:  7    God:    Xom [..*...]
Gold:   64         SH:  7    Dex:  9    Spells: 4/4 levels left

rFire    . . .     SeeInvis .   a - +0 hand axe (chaos)
rCold    . . .     Gourm    .   i - +0 shield
rNeg     . . .     Faith    .   b - +2 leather armour
rPois    .         Spirit   .   (helmet restricted)
rElec    .         Reflect  .   m - +0 cloak
rCorr    .         Harm     .   (no gloves)
MR       .....                  (no boots)
Stlth    +.........             e - amulet of the acrobat
HPRegen  0.16/turn              (no ring)
MPRegen  0.09/turn              (no ring)

@: mighty, very slightly contaminated, invisible
A: retaliatory headbutt, hooves 1, horns 2, blink, dopey 1
a: Blink, Renounce Religion


You were in a sewer.
You worshipped Xom.
You were a toy of Xom.
You were not hungry.

You visited 1 branch of the dungeon, and saw 3 of its levels.
You also visited: Sewer.

You collected 64 gold pieces.

Inventory:

Hand Weapons
 a - a +0 hand axe of chaos (weapon)
Missiles
 j - 23 stones (quivered)
Armour
 b - a +2 leather armour (worn)
 i - a +0 shield (worn)
   (You found it on level 1 of the Dungeon)
 m - a +0 cloak (worn)
   (You found it on level 2 of the Dungeon)
Jewellery
 e - an amulet of the acrobat (around neck)
   (You found it on level 1 of the Dungeon)
Wands
 f - a wand of random effects (20)
   (You found it on level 3 of the Dungeon)
Scrolls
 h - a scroll of remove curse
 n - a scroll of identify {unknown}
 o - a scroll of teleportation {unknown}
Comestibles
 c - 3 rations
 g - 3 chunks of flesh {@w0}


   Skills:
 - Level 5.3 Fighting
 + Level 5.6 Axes
 - Level 2.4 Armour
 - Level 1.1 Dodging


You had 4 spell levels left.
You didn't know any spells.
Your spell library was empty.

Dungeon Overview and Level Annotations

Branches:
Dungeon (3/15)

Altars:
Sif Muna
Wu Jian

Annotations:
Sewer Purgy


Innate Abilities, Weirdness & Mutations

You reflexively headbutt those who attack you in melee.
You have a pair of horns on your head.
You have large cloven feet.
You can translocate small distances at will.
You are dopey. (Int -2)


Message History

Found a gate leading back out of this place.
There is an empty arch of ancient stone here.
You open the door.
A giant cockroach comes into view.
You closely miss the giant cockroach. You block the giant cockroach's attack.
You hit the giant cockroach. You burn the giant cockroach.
The giant cockroach is severely wounded.
The giant cockroach barely misses you. x2
You hit the giant cockroach. You freeze the giant cockroach.
You kill the giant cockroach!
Health restored: 42 No target in view!
No target in view!
There is an open door here.
o - a scroll labeled XURAR SIDUGANK
There is an open door here.
You open the door.
A kobold comes into view.
The kobold shouts!
The kobold wields a +0 blowgun.
The kobold shoots a poisoned needle.
You block the poisoned needle.
There is an open door here.
You slash the kobold! You burn the kobold.
You kill the kobold!
You have reached level 5!
Health restored: 48; MP restored: 4
Things that are here:
a +0 blowgun; 10 poisoned needles
There is an open door here.
You open the door.
There is an open door here.
As you open the door, it creaks loudly!
Purgy the Meek comes into view.
Okay, then.
Okay, then.
You slash Purgy!
Purgy flickers and vanishes!
Deactivating autopickup; reactivate with Ctrl-A.
Xom is highly amused!
Your headbutt misses something. Something bites you.
Something claws you but does no damage. x2
You take 2 damage, and have 46/48 hp.
Unknown command.
Unknown command.
Unknown command.
Unknown command.
Press: ? - help, v - describe, . - travel An open door.
Unknown command.
You closely miss something. Something bites you but does no damage.
Something claws you but does no damage. Something claws you.
You take 1 damage, and have 45/48 hp.
Unknown command.
Unknown command.
You hit something. You burn something. Something bites you but does no damage.
Something claws you. Something claws you but does no damage.
You take 2 damage, and have 43/48 hp.
You slash something! Something bites you but does no damage.
Something claws you but does no damage. x2
You closely miss something. Something bites you.
Something claws you but does no damage. x2
You take 3 damage, and have 40/48 hp.
You hit something but do no damage. Something bites you but does no damage.
Something claws you but does no damage. x2
Your shield prevents you from hitting something.
You headbutt something. You block something's attack.
Something claws you but does no damage. Something claws you.
You take 3 damage, and have 38/48 hp.
You barely miss something. You headbutt something. Something bites you.
Something claws you. x2
You take 10 damage, and have 28/48 hp.
MASSIVE DAMAGE!!
You hit something but do no damage. Something bites you but does no damage.
Something claws you but does no damage. x2
You closely miss something. Your headbutt misses something.
Something bites you but does no damage. Something claws you.
Something claws you but does no damage. Something bites you!
Something claws you. x2
* * * LOW HITPOINT WARNING * * *
You take 14 damage, and have 14/48 hp.
MASSIVE DAMAGE!!
It was a potion of invisibility.
You fade into invisibility!
Something bites you but does no damage. Something claws you.
* * * LOW HITPOINT WARNING * * *
Something claws you.
* * * LOW HITPOINT WARNING * * *
You are very lightly contaminated with residual magic.
You take 5 damage, and have 9/48 hp.
It was a potion of mutation.
You feel extremely strange.
You feel stupid.
Your feet thicken and deform.
You feel jittery.
Xom thinks this is hilarious!
Something bites you!
* * * LOW HITPOINT WARNING * * *
You block something's attack. Something claws you but does no damage.
You take 7 damage, and have 2/48 hp.
It was a potion of might.
You feel very mighty all of a sudden. Something bites you.
* * * LOW HITPOINT WARNING * * *
Something completely misses you. Something claws you.
You die...
Xom yawns loudly!

≈≈≈# ≈≈≈#
≈≈≈# ≈≈≈#
≈≈≈#
##########
#(.{.≈≈≈.+
#@≈≈≈.#
####.≈≈≈.#
#..'.≈≈≈.+
####.≈≈≈.#
####.≈≈≈.#
#.)'.≈≈≈.+
####(≈≈≈.#
####.≈≈≈.####
#..'..∩....∩#


There were no monsters in sight!

Vanquished Creatures
  A centaur (D:2)
  An adder (D:2)
  2 worms (D:3)
  A dart slug (D:1)
  4 leopard geckos
  7 giant cockroaches
  A goblin (D:1)
  3 hobgoblins
  3 bats (D:2)
  5 frilled lizards
  7 kobolds
  2 rats
37 creatures vanquished.

Vanquished Creatures (collateral kills)
  A rat (D:2)
1 creature vanquished.

Grand Total: 38 creatures vanquished

Notes
Turn   | Place    | Note
-------+----------+-------------------------------------------
     0 | D:1      | Mgcat the Minotaur Chaos Knight began the quest for the
                  | Orb.
     0 | D:1      | Reached XP level 1. HP: 19/19 MP: 0/0
   303 | D:1      | Reached skill level 4 in Fighting
   303 | D:1      | Reached skill level 4 in Axes
   303 | D:1      | Reached XP level 2. HP: 27/27 MP: 1/1
   376 | D:1      | XOM: harmless Chrm miscast
   754 | D:2      | XOM: god gift: 22 arrows
   828 | D:2      | Reached XP level 3. HP: 34/34 MP: 2/2
   837 | D:2      | XOM: harmless Necr miscast
  1063 | D:2      | XOM: divination: detect items
  1074 | D:2      | Noticed a centaur
  1074 | D:2      | a dart slug changed into a centaur
  1078 | D:2      | Killed a centaur
  1078 | D:2      | Reached skill level 5 in Fighting
  1078 | D:2      | Reached skill level 5 in Axes
  1078 | D:2      | Reached XP level 4. HP: 35/42 MP: 3/3
  1196 | D:2      | Found a deep blue altar of Sif Muna.
  1197 | D:2      | Found an ornate altar of the Wu Jian Council.
  1535 | D:3      | Found a glowing drain.
  1537 | D:3      | XOM: confusion (+ monsters)
  1563 | Sewer    | Entered a sewer
  1580 | Sewer    | Reached XP level 5. HP: 48/48 MP: 4/4
  1589 | Sewer    | Noticed Purgy
  1600 | Sewer    | HP: 11/48 [something (3)]
  1601 | Sewer    | Gained mutation: You are dopey. (Int -2) [potion of
                  | mutation]
  1601 | Sewer    | Gained mutation: You have large cloven feet. [potion of
                  | mutation]
  1601 | Sewer    | Gained mutation: You can translocate small distances at
                  | will. [potion of mutation]
  1601 | Sewer    | HP: 2/48 [something (8)]
  1602 | Sewer    | Slain by Purgy

Vault maps used:
D:1:      saegor_arrival_simple_e, ebering_dispersal_statue_hall
D:2:      gammafunk_temple_overflow_wave
D:3:      gup_sewer_entry_pipe, chequers_ecumenical_altar_island
Sewer:    kennysheep_door_sewer

Skill      XL: |  1  2  3 |
---------------+----------+-----
Fighting       | 4 5 |  5.3
Axes           | 4 5 |  5.6
Armour         | |  2.4
Dodging        | |  1.1

Action                   |  1- 3 |  4- 6 || total
-------------------------+-------+-------++-------
Melee: Hand axe          |    52 |    46 ||    98
       Headbutt          |     7 |     5 ||    12
Throw: Stone             |     2 |    10 ||    12
  Use: Scroll            |       |     2 ||     2
       Potion            |       |     3 ||     3
  Eat: Chunk             |       |     2 ||     2
Armor: Leather armour    |    15 |    32 ||    47
Dodge: Dodged            |    24 |    15 ||    39
Block: Shield            |    14 |    10 ||    24

Table legend:
 A = Non-vault XP
 B = Vault XP
 C = Vault XP percentage of total XP
 D = Non-vault monster count
 E = Vault monster count
 F = Vault count percentage of total count
                 A         B        C        D         E       F
            +---------+---------+-------+---------+---------+-------
      Total |     183 |      13 |   6.6 |      31 |       7 |  18.4
            +---------+---------+-------+---------+---------+-------
        D:1 |      18 |       0 |   0.0 |      10 |       0 |   0.0
        D:2 |     152 |       0 |   0.0 |      17 |       0 |   0.0
        D:3 |      13 |       9 |  40.9 |       4 |       5 |  55.6
      Sewer |       0 |       4 | 100.0 |       0 |       2 | 100.0
            +---------+---------+-------+---------+---------+-------

Vault maps used:
D:1:      saegor_arrival_simple_e, ebering_dispersal_statue_hall
D:2:      gammafunk_temple_overflow_wave
D:3:      gup_sewer_entry_pipe, chequers_ecumenical_altar_island
Sewer:    kennysheep_door_sewer

Table legend:
 A = Turns spent in this place as a percentage of turns spent in the entire game.
 B = Non-inter-level travel turns spent in this place as a percentage of non-inter-level travel turns spent in the entire game.
 C = Inter-level travel turns spent in this place as a percentage of turns spent in this place.
 D = Turns resting spent in this place as a percentage of non-inter-level travel turns spent in this place.
 E = Turns spent auto-exploring this place as a percentage of non-inter-level travel turns spent in this place.
 F = Non-inter-level travel turns spent in this place divided by the number of levels of this place that you've seen.
                   A       B       C       D       E      F
               +-------+-------+-------+-------+-------+----------------------
         Total | 100.0 | 100.0 |   6.4 |   0.0 |  82.0 | 374.8
       Dungeon |  97.6 |  97.4 |   6.6 |   0.0 |  83.1 | 486.7
         Sewer |   2.4 |   2.6 |   0.0 |   0.0 |  41.0 |  39.0
               +-------+-------+-------+-------+-------+----------------------

Table legend:
 A = Kills in this place as a percentage of kills in entire the game.
 B = Kills by you in this place as a percentage of kills by you in the entire game.
 C = Kills by friends in this place as a percentage of kills by friends in the entire game.
 D = Other kills in this place as a percentage of other kills in the entire game.
 E = Experience gained in this place as a percentage of experience gained in the entire game.
 F = Experience gained in this place divided by the number of levels of this place that you have seen.
                   A       B       C       D       E      F
               +-------+-------+-------+-------+-------+----------------------
         Total | 100.0 | 100.0 | 100.0 | 100.0 | 100.0 |  49.0
       Dungeon |  94.7 |  94.4 | 100.0 | 100.0 |  98.0 |  64.0
         Sewer |   5.3 |   5.6 |   0.0 |   0.0 |   2.0 |   4.0
               +-------+-------+-------+-------+-------+----------------------
